 Dungeon Sprint DCSS version 0.27-a0-92-g39ad13b146 (webtiles) character file.

Game seed: 5004905999526556996

55 mhtbhm the Digger (level 3, -7/19 HPs)
             Began as a Deep Elf Earth Elementalist on Jan 16, 2021.
             Was an Initiate of Vehumet.
             Mangled by an orc warrior
             ... wielding a +0 trident
              (20 damage)
             ... in the Dungeon (Sprint IX: "|||||||||||||||||||||||||||||").
             The game lasted 00:02:23 (1160 turns).

mhtbhm the Digger (Deep Elf Earth Elementalist)     Turns: 1160, Time: 00:02:23

Health: -7/19      AC:  5    Str:  5    XL:     3   Next: 67%
Magic:  8/12       EV: 16    Int: 20    God:    Vehumet [......]
Gold:   0          SH:  0    Dex: 15    Spells: 7/13 levels left

rFire    . . .     SeeInvis .   m - +4 quarterstaff (speed)
rCold    . . .     Faith    .   (shield currently unavailable)
rNeg     . . .     Spirit   .   c - +0 robe
rPois    .         Reflect  .   (no helmet)
rElec    .         Harm     .   (no cloak)
rCorr    .         Rampage  .   (no gloves)
Will     .....     NoTele   +   n - +0 pair of boots
Stlth    +++.......             (no amulet)
HPRegen  0.06/turn              p - +2 ring of protection
MPRegen  0.13/turn              o - +2 ring of evasion

@: no status effects
A: no striking features
a: Renounce Religion


You were in the Dungeon.
You worshipped Vehumet.
Vehumet was noncommittal.
You visited 1 branch

Inventory:

Hand Weapons
 m - a +4 quarterstaff of speed (weapon)
Missiles
 b - 13 stones
Armour
 c - a +0 robe (worn)
 n - a +0 pair of boots (worn)
Jewellery
 o - a +2 ring of evasion (right hand)
 p - a +2 ring of protection (left hand)
Wands
 l - a wand of iceblast (10)
Scrolls
 i - 2 scrolls of blinking
 j - 3 scrolls of remove curse
 k - 2 scrolls of amnesia
Potions
 a - a potion of invisibility
 d - 5 potions of curing
 e - 3 potions of heal wounds
 f - a potion of haste
 g - 4 potions of magic
 h - a potion of berserk rage


   Skills:
 + Level 3.7 Dodging
 + Level 3.8 Stealth
 + Level 5.8 Spellcasting
 + Level 1.2 Transmutations
 + Level 6.5 Earth Magic


You had 7 spell levels left.
You knew the following spells:

 Your Spells              Type           Power        Failure   Level
a - Sandblast             Erth           64%          1%          1
b - Passwall              Tmut/Erth      17%          3%          2
c - Stone Arrow           Conj/Erth      36%          9%          3

Your spell library contained the following spells:

 Spells                   Type           Power        Failure   Level
 Lee's Rapid Deconstruct  Erth           16%          21%         5
 Petrify                  Tmut/Erth      21%          22%         4


Dungeon Overview and Level Annotations

Branches:
Dungeon (1/1)

Altars:
Cheibriados
Dithmenos
Elyvilon
Fedhas
Gozag
Hepliaklqana
Kikubaaqudgha
Makhleb
Nemelex Xobeh
Okawaru
Qazlal
Ru
Sif Muna
Trog
Uskayaw
Vehumet
Wu Jian
Xom
Yredelemnul
Zin
The Shining One
Beogh
Jiyva
Lugonu


Message History

Aiming: Sandblast (safe; 1% risk of failure)
Press: ? - help, Shift-Dir - straight line, f/p - phantom
Aim: a phantom (moderately damaged, 25% to evade)
The blast of sand hits the phantom.
The phantom is moderately damaged.
The phantom hits you but does no damage.
The orc warrior misses you.
Unknown command.
Unknown command.
Casting: Sandblast (safe; 1% risk of failure)
Confirm with . or Enter, or press ? or * to list all spells.
Aiming: Sandblast (safe; 1% risk of failure)
Press: ? - help, Shift-Dir - straight line, f/p - phantom
Aim: a phantom (moderately damaged, 25% to evade)
The blast of sand hits the phantom.
The phantom is heavily damaged.
The phantom misses you.
The orc warrior hits you from afar with a +0 trident!!
Ouch! That really hurt!
You die... ▓▓▓▓▓▓▓▓▓▓▓▓▓▓▓▓▓▓▓▓▓▓▓▓ _______'..)..[[.@Wo5.rh. ▓▓▓▓▓▓▓▓▓▓▓▓▓▓▓▓▓▓▓▓▓▓▓▓

You could see a phantom, an orc warrior, a howler monkey (catching breath), a quasit and a quokka.

Vanquished Creatures
  An orc wizard (D)
  2 adders (D)
  An adder skeleton (D)
  A quokka (D)
  2 frilled lizards (D)
  A kobold (D)
  2 rats (D)
10 creatures vanquished.

Notes
Turn   | Place    | Note
-------+----------+-------------------------------------------
     0 | D        | mhtbhm the Deep Elf Earth Elementalist began the quest for
                  | the Orb.
     0 | D        | Reached XP level 1. HP: 10/10 MP: 6/6
   269 | D        | Noticed an orc wizard
   271 | D        | Killed an orc wizard
   272 | D        | Reached skill level 5 in Spellcasting
   272 | D        | Reached skill level 5 in Earth Magic
   272 | D        | Reached XP level 2. HP: 15/15 MP: 5/10
   272 | D        | Reached XP level 3. HP: 19/19 MP: 5/11
   273 | D        | Reached skill level 6 in Earth Magic
   687 | D        | Learned a level 2 spell: Passwall
   691 | D        | Learned a level 3 spell: Stone Arrow
   977 | D        | Found a roughly hewn altar of Beogh.
   977 | D        | Found a snail-covered altar of Cheibriados.
   977 | D        | Found a shadowy altar of Dithmenos.
   977 | D        | Found a white marble altar of Elyvilon.
   977 | D        | Found a blossoming altar of Fedhas.
   977 | D        | Found an opulent altar of Gozag.
   978 | D        | Found a hazy altar of Hepliaklqana.
   979 | D        | Found a viscous altar of Jiyva.
   980 | D        | Found an ancient bone altar of Kikubaaqudgha.
   981 | D        | Found a corrupted altar of Lugonu.
   982 | D        | Found a burning altar of Makhleb.
   983 | D        | Found a sparkling altar of Nemelex Xobeh.
   984 | D        | Found an iron altar of Okawaru.
   985 | D        | Found a stormy altar of Qazlal.
   986 | D        | Found a sacrificial altar of Ru.
   987 | D        | Found a shimmering blue altar of Sif Muna.
   988 | D        | Found a bloodstained altar of Trog.
   989 | D        | Found a hide-covered altar of Uskayaw.
   990 | D        | Found a radiant altar of Vehumet.
   991 | D        | Found an ornate altar of the Wu Jian Council.
   992 | D        | Found a shimmering altar of Xom.
   993 | D        | Found a basalt altar of Yredelemnul.
  1006 | D        | Found a glowing silver altar of Zin.
  1007 | D        | Found a glowing golden altar of the Shining One.
  1020 | D        | Became a worshipper of Vehumet
  1156 | D        | Noticed a phantom
  1156 | D        | Noticed an orc warrior
  1156 | D        | Noticed a sky beast
  1160 | D        | Mangled by an orc warrior

Illustrated notes

Levels and vault maps discovered:
D:        linesprint [early_d, line_temple, items_1, d_10, items_2, lair_1,
          lair_end, items_3, orc_1, orc_end, items_4, d_15, swamp_1, shoals_1,
          snake_1, spider_1, d_20, vaults_1, items_5, swamp_end, shoals_end,
          snake_end, spider_end, vaults_end, d_27, items_6, zot_1, zot_end,
          crypt_end, forest_end, elf_end, slime_end, tomb_end, abyss_end,
          pan_hell_end]

Skill      XL: |  1  2  3 |
---------------+----------+-----
Stealth        | 3 |  3.8
Dodging        | 3 |  3.7
Spellcasting   | 5 |  5.8
Earth Magic    | 5 6 |  6.5
Transmutations | |  1.2

Action                   || total
-------------------------++-------
 Cast: Sandblast         ||    18
Armor: Robe              ||     2
Dodge: Dodged            ||     5

Table legend: (Time is in decaauts)
 A = Elapsed time spent in this place.
 B = Non-inter-level travel time spent in this place.
 C = Inter-level travel time spent in this place.
 D = Time resting spent in this place.
 E = Time spent auto-exploring this place.
 F = Levels seen in this place.
 G = Mean time per level.
                   A        B        C        D        E       F      G
               +--------+--------+--------+--------+--------+-----+--------+
         Total |   1158 |   1158 |      0 |   1027 |      3 |   1 | 1158.0 |
       Dungeon |   1158 |   1158 |      0 |   1027 |      3 |   1 | 1158.0 |
               +--------+--------+--------+--------+--------+-----+--------+

Top non-repeatable levels by time:
       D: 1158 daAuts
